 Dungeon Crawl Stone Soup version 0.21.1-1-g345015f (webtiles) character file.

499 kae the Insei (level 6, 0/46 HPs)
             Began as a Demonspawn Transmuter on June 13, 2018.
             Was a Follower of Makhleb.
             Killed by divine providence
             ... invoked by an orc priest
              (7 damage)
             ... on level 4 of the Dungeon.
             The game lasted 00:04:52 (3823 turns).

kae the Insei (Demonspawn Transmuter)               Turns: 3823, Time: 00:04:53

Health: 0/46       AC:  3    Str: 10    XL:     6   Next: 94%
Magic:  0/10       EV: 14    Int: 17    God:    Makhleb [*.....]
Gold:   192        SH:  0    Dex: 18    Spells: 5/11 levels left

rFire    . . .     SeeInvis .     - Unarmed
rCold    . . .     Gourm    .   (no shield)
rNeg     . . .     Faith    .   b - +1 robe
rPois    .         Spirit   +   (helmet restricted)
rElec    .         Reflect  .   (no cloak)
rCorr    .         Harm     .   (no gloves)
MR       .....                  (boots currently unavailable)
Stlth    ++........             (no amulet)
HPRegen  0.15/turn              p - +3 ring of intelligence
MPRegen  0.12/turn              (no ring)

@: appendage
A: antennae 1, talons 3, thin skeletal structure 1, powered by pain 1, magic
shield
a: End Transformation, Renounce Religion


You were on level 4 of the Dungeon.
You worshipped Makhleb.
Makhleb was aware of your devotion.
You were not hungry.
You had grown temporary talons.
You visited 1 branch of the dungeon, and saw 4 of its levels.

You collected 192 gold pieces.

Inventory:

Missiles
 a - 43 arrows
Armour
 b - a +1 robe (worn)
Jewellery
 p - a +3 ring of intelligence (left hand)
Scrolls
 e - 2 scrolls of identify
 f - 2 scrolls of teleportation
 h - 3 scrolls of remove curse
 j - a scroll of magic mapping
Potions
 i - a potion of haste {unknown}
 m - 2 potions of agility
 q - a potion of mutation
Books
 c - a book of Changes

   Spells                             Type                      Level
   a - Beastly Appendage              Transmutation                1
   b - Sticks to Snakes               Transmutation                2
   c - Spider Form                    Transmutation/Poison         3
   d - Ice Form                       Ice/Transmutation            4
   e - Blade Hands                    Transmutation                5
Comestibles
 d - 7 rations
 o - 5 chunks of flesh


   Skills:
 + Level 2.9 Fighting
 + Level 3.0 Dodging
 * Level 4.5 Unarmed Combat
 + Level 3.1 Spellcasting
 + Level 3.0 Transmutations
 + Level 2.5 Invocations


You had 5 spell levels left.
You knew the following spells:

 Your Spells              Type           Power        Failure   Level  Hunger
a - Beastly Appendage     Tmut           ##....       4%          1    None
b - Sticks to Snakes      Tmut           ##......     8%          2    ##.....
c - Spider Form           Tmut/Pois      #.........   26%         3    ###....


Dungeon Overview and Level Annotations

Branches:
Dungeon (4/15)
 Temple: D:4-7

Altars:
Makhleb
Sif Muna
Xom

Annotations:
D:3 olivier's ghost, amateur DsGl


Innate Abilities, Weirdness & Mutations

You have a pair of small antennae on your head.
You have a somewhat thin skeletal structure. (Dex +2, Stealth)
You sometimes gain a little power by taking damage.
When hurt, damage is shared between your health and your magic reserves.
You have claws for feet.


Message History

* * * LOW HITPOINT WARNING * * *
You feel less wooden.
Your +1 robe unmelds from your body.
The orc priest closely misses you.
The orc priest hits you but does no damage.
The orc priest looks satisfied for a moment.
Casting: Spider Form
Confirm with . or Enter, or press ? or * to list all spells.
Your feet morph into talons.
The orc priest completely misses you. The orc priest closely misses you.
Casting: Beastly Appendage
Confirm with . or Enter, or press ? or * to list all spells.
You don't have enough magic to cast that spell.
You barely miss the orc priest. The orc priest hits you with a trident.
* * * LOW HITPOINT WARNING * * *
You completely miss the orc priest.
The orc priest hits you but does no damage.
You closely miss the orc priest.
The orc priest invokes the aid of Beogh against you.
Beogh smites you!
You die...

. ######### .. ........##
... #........# . ....
#........# #. .....
#........# #.
......####.....)..# #.
....[....†.)......# #.
.......###.@......# #.
....... #..o..[..# ######.
....... ####.$#### #......
....... #..## #......
<...... #...# #......
........#####.#.######......
.............o..............
#)##.#####......
###..o............


You could see an orc priest.

Vanquished Creatures
  Sigmund (D:3)
  A centaur (D:4)
  2 orc priests (D:4)
  An orc wizard (D:3)
  A bullfrog skeleton (D:4)
  An iguana (D:4)
  4 adders
  3 dart slugs
  5 leopard geckos
  4 orcs
  6 bats
  3 giant cockroaches
  8 goblins
  7 hobgoblins
  4 jackals
  8 kobolds
  2 quokkas (D:3)
  7 frilled lizards
  7 rats
75 creatures vanquished.

Vanquished Creatures (collateral kills)
  A dart slug (D:1)
  A bat (D:1)
  2 goblins (D:1)
4 creatures vanquished.

Grand Total: 79 creatures vanquished

Notes
Turn   | Place    | Note
-------+----------+-------------------------------------------
     0 | D:1      | kae the Demonspawn Transmuter began the quest for the Orb.
     0 | D:1      | Reached XP level 1. HP: 15/15 MP: 3/3
   334 | D:1      | Gained mutation: You have a somewhat thin skeletal structure. (Dex +2, Stealth) [demonic ancestry]
   334 | D:1      | Reached XP level 2. HP: 17/21 MP: 3/5
   363 | D:1      | Learned a level 2 spell: Sticks to Snakes
   628 | D:1      | Reached skill level 3 in Unarmed Combat
  1510 | D:2      | Gained mutation: When hurt, damage is shared between your health and your magic reserves. [demonic ancestry]
  1510 | D:2      | Reached XP level 3. HP: 25/26 MP: 6/6
  1515 | D:2      | Learned a level 3 spell: Spider Form
  1946 | D:2      | Found a burning altar of Makhleb.
  1975 | D:2      | Became a worshipper of Makhleb the Destroyer
  2398 | D:2      | Gained mutation: You sometimes gain a little power by taking damage. [demonic ancestry]
  2398 | D:2      | Reached XP level 4. HP: 33/33 MP: 5/7
  3060 | D:3      | Found a deep blue altar of Sif Muna.
  3077 | D:3      | Noticed olivier's ghost (amateur DsGl)
  3243 | D:3      | Found a shimmering altar of Xom.
  3243 | D:3      | Noticed Sigmund
  3273 | D:3      | Killed Sigmund
  3273 | D:3      | Reached skill level 4 in Unarmed Combat
  3273 | D:3      | Reached skill level 1 in Invocations
  3273 | D:3      | Gained mutation: You have a pair of small antennae on your head. [demonic ancestry]
  3273 | D:3      | Reached XP level 5. HP: 19/39 MP: 1/9
  3273 | D:3      | Reached XP level 6. HP: 23/46 MP: 1/10
  3659 | D:4      | Reached * piety under Makhleb
  3823 | D:4      | Killed from afar by an orc priest

Skill      XL: |  1  2  3  4  5  6 |
---------------+-------------------+-----
Dodging        | 2 3 |  3.0
Unarmed Combat | 3 4 |  4.5
Transmutations | 2 3 |  3.0
Fighting       | 2 |  2.9
Invocations    | 1 2 |  2.5
Spellcasting   | 3 |  3.1

Action                   |  1- 3 |  4- 6 || total
-------------------------+-------+-------++-------
Melee: Unarmed           |   144 |   147 ||   291
       Headbutt          |     7 |     2 ||     9
       Kick              |     7 |     6 ||    13
       Punch             |     2 |       ||     2
 Cast: Beastly Appendage |    25 |    10 ||    35
       Sticks to Snakes  |     5 |       ||     5
       Spider Form       |       |     5 ||     5
  Use: Scroll            |     5 |    10 ||    15
       Potion            |     1 |     5 ||     6
 Stab: Sleeping          |     1 |     4 ||     5
  Eat: Chunk             |     4 |     7 ||    11
Armor: Robe              |    56 |    22 ||    78
       Skin              |       |    32 ||    32
Dodge: Dodged            |   126 |   103 ||   229
